 Dungeon Crawl Stone Soup version 0.31-a0-221-gbddc013574 (webtiles) character file.

Game seed: 10494363769631339104

6 qw the Shooter (level 1, -1/16 HPs)
             Began as a Minotaur Hexslinger on July 4, 2023.
             Slain by a gnoll
             ... wielding a +1 vampiric spear
              (3 damage)
             ... on level 1 of the Dungeon.
             The game lasted 00:00:03 (113 turns).

qw the Shooter (Minotaur Hexslinger)                 Turns: 113, Time: 00:00:04

Health: -1/16      AC:  2    Str: 12    XL:     1   Next: 75%
Magic:  1/1        EV: 12    Int: 10    God:
Gold:   2          SH:  0    Dex: 12    Spells: 1/2 levels left

rFire   . . .        a - +1 sling
rCold   . . .        (no shield)
rNeg    . . .        c - +0 robe
rPois   .            (helmet restricted)
rElec   .            (no cloak)
rCorr   .            (no gloves)
SInv    .            (no boots)
Will    .....        (no amulet)
Stlth   +            (no ring)
HPRegen 0.22/turn    (no ring)
MPRegen 0.07/turn

%: no passive effects
@: no status effects
A: horns 2, retaliatory headbutt
a: no special abilities


You were on level 1 of the Dungeon.
You visited 1 branch of the dungeon, and saw 1 of its levels.

You collected 2 gold pieces.


Innate Abilities, Weirdness & Mutations

You have a pair of horns on your head.
You reflexively headbutt those who attack you in melee.


   Skills:
 - Level 1.2 Fighting
 + Level 2.9 Ranged Weapons
 - Level 2.1 Dodging
 - Level 1.0 Spellcasting
 - Level 2.0 Hexes


You had one spell level left.
You knew the following spells:

 Your Spells              Type           Power      Damage    Failure   Level
a - Slow                  Hex            16%        N/A       16%         1

Your spell library contained the following spells:

 Spells                   Type           Power      Damage    Failure   Level
 Inner Flame              Hex/Fire       2%         N/A       56%         3
 Portal Projectile        Hex/Tloc       4%         N/A       56%         3
 Cause Fear               Hex            2%         N/A       83%         4

Inventory:

Hand Weapons
 a - a +1 sling (weapon)
Armour
 c - a +0 robe (worn)
Scrolls
 b - a scroll of poison

Dungeon Overview and Level Annotations

Branches:
Dungeon (1/15)

Altars:

Shops:
D:1 [


Message History

The quokka closely misses you.
You shoot a sling bullet. The sling bullet hits the quokka.
You kill the quokka!
There is an open door here.
You see here a quokka corpse.
There is an entrance to Efuff's Antique Armour Shoppe here.
Enter note:
60 ||| SHOPLISTING leather armour (42 gold, have 2).
You can access your shopping list by pressing '$'.
60 ||| SHOPLISTING ring mail (84 gold, have 2).
You can access your shopping list by pressing '$'.
You open the door.
There is an open door here.
A gnoll comes into view. It is wielding a +1 vampiric spear.
The gnoll shouts!
Enter note: You shoot a sling bullet.
The sling bullet hits the gnoll but does no damage.
You shoot a sling bullet.
The sling bullet closely misses the gnoll.
You shoot a sling bullet. The sling bullet hits the gnoll.
The gnoll is lightly wounded.
You shoot a sling bullet. The sling bullet hits the gnoll.
The gnoll is moderately wounded.
The gnoll closely misses you.
You shoot a sling bullet.
The sling bullet closely misses the gnoll.
A hobgoblin comes into view.
The gnoll hits you from afar with a +1 vampiric spear.
The gnoll draws strength from your wounds!
You shoot a sling bullet.
The sling bullet closely misses the gnoll.
The sling bullet closely misses the hobgoblin.
The hobgoblin shouts!
A giant cockroach comes into view.
The gnoll hits you from afar with a +1 vampiric spear.
The gnoll draws strength from your wounds!
The giant cockroach bites you.
The gnoll hits you from afar with a +1 vampiric spear.
You die...

########## ########
..g..g.@.# #......#
##..####B######.####.#
...............####.###
#...###.#####..........
.. #.# ###.#.###### ..#
#...#.# #### #.#...#
#'###.# #.# #.#


You could see a gnoll, a giant cockroach and a hobgoblin.

Vanquished Creatures
  An endoplasm (D:1)
  2 quokkas (D:1)
  2 ball pythons (D:1)
5 creatures vanquished.

Notes
Turn   | Place    | Note
-------+----------+-------------------------------------------
     0 | D:1      | qw the Minotaur Hexslinger began the quest for the Orb.
     0 | D:1      | Reached XP level 1. HP: 16/16 MP: 1/1
     0 | D:1      | 0 ||| qw: Version: 0.3-a-41-g9d075ac
     0 | D:1      | 0 ||| qw: Game counter: 725
     0 | D:1      | 0 ||| qw: Melee chars always use a shield: true
     0 | D:1      | 0 ||| qw: God list: Okawaru
     0 | D:1      | 0 ||| qw: Allow faded altars: false
     0 | D:1      | 0 ||| qw: Do Orc after clearing Dungeon:15 true
     0 | D:1      | 0 ||| qw: Do second Lair branch before Depths: true
     0 | D:1      | 0 ||| qw: Lair rune preference: random
     0 | D:1      | 0 ||| qw: Goals: Normal
     0 | D:1      | 0 ||| PLANNING D:1-11
    52 | D:1      | Found Efuff's Antique Armour Shoppe.
    60 | D:1      | 60 ||| SHOPLISTING leather armour (42 gold, have 2).
    60 | D:1      | 60 ||| SHOPLISTING ring mail (84 gold, have 2).
   113 | D:1      | HP: 4/16 [gnoll/+1 vampiric spear (6)]
   113 | D:1      | Slain by a gnoll

Levels and vault maps discovered:
D:1:      co_arrival_square_in_a_square_in_a_square, layout_loops_cross,
          serial_shops, nicolae_shop_hallway_plus, grunt_decor_mini_mirrors

Action                     || total
---------------------------++-------
   Fire: Sling             ||    22
 Armour: Robe              ||     1
  Dodge: Dodged            ||     6

Table legend:
 A = Non-vault XP
 B = Vault XP
 C = Vault XP percentage of total XP
 D = Non-vault monster count
 E = Vault monster count
 F = Vault count percentage of total count
                 A         B        C        D         E       F
            +---------+---------+-------+---------+---------+-------
      Total |       9 |       0 |   0.0 |       5 |       0 |   0.0
            +---------+---------+-------+---------+---------+-------
        D:1 |       9 |       0 |   0.0 |       5 |       0 |   0.0
            +---------+---------+-------+---------+---------+-------
